[Event "81st Italian Championship 2022"]
[Site "Cagliari"]
[Date "2022.11.19"]
[Round "7.5"]
[White "Sonis, Francesco"]
[Black "Lodici, Lorenzo"]
[Result "1-0"]
[ECO "A61"]
[WhiteElo "2547"]
[BlackElo "2536"]
[Annotator "TA"]
[PlyCount "85"]
[EventDate "2022.11.12"]
[EventType "tourn"]
[EventCountry "ITA"]
[SourceTitle "playchess.com"]
[Source "ChessBase"]
[SourceQuality "1"]
[TimeControl "40/6000+30:20/3000:900+30"]

1. d4 Nf6 2. c4 e6 3. Nf3 c5 4. d5 exd5 5. cxd5 d6 6. Nc3 g6 7. h3 a6 8. a4 Qe7 9. Bf4 Bg7 {[%emt 0:01:41] A61: Modern Benoni: Nf3 without early e4.} 10. e3 O-O 11. Bd3 Nh5 {[%emt 0:01:39] White has an edge.} 12. Bh2 f5 13. O-O Nd7 14. Re1 Rb8 {[%emt 0:05:36] [#]} 15. Nd2 $146 ({Predecessor:} 15. Qb3 Kh8 16. Nd2 Be5 17. Bxe5+ Nxe5 18. Be2 Nf6 19. Bxa6 bxa6 20. Qxb8 Bb7 21. Qa7 {1-0 (33) Skytte,R (2430)-Glud,J (2518) Skorping 2014}) 15... Ne5 16. Be2 Nf6 17. Kh1 (17. a5 $14 {should be considered.}) 17... g5 (17... b6 $11 {remains equal.}) 18. f4 $16 Nf7 19. fxg5 Nxg5 20. Bd3 Nd7 21. Nc4 Ne5 22. Nxe5 Bxe5 23. Bf4 Kh8 24. Qd2 Qg7 25. Rf1 Bd7 26. a5 Rbe8 27. Rf2 Nf7 (27... Rf6 $11) 28. Raf1 Bf6 29. Ne2 ({White should play} 29. Qc2 $16) 29... Bh4 30. Rf3 Ne5 31. Bxe5 Qxe5 32. Qc3 Bd8 33. Qb3 Bc8 (33... Re7 $1 $11) 34. Ng3 $1 Bxa5 (34... Rg8 $16 35. Nxf5 (35. Bxf5 Rxg3 36. Bxc8 Rxf3 $14) 35... Bxf5 36. Bxf5 Qg7) 35. Bxf5 $18 b5 $2 (35... Rg8) 36. e4 (36. Bb1 $142 Rxf3 37. Rxf3) 36... Bd2 $2 (36... c4 {was worth a try.} 37. Qe3 Rg8) 37. Bxh7 Rxf3 (37... Bh6 $142) 38. Qxf3 {[%emt 0:00:02] Threatens to win with Bf5.} Kxh7 {[%emt 0:00:29] [#]} (38... Bh6 $142) 39. Qf7+ $1 Kh8 {[%emt 0:00:06] [#]} 40. Nf5 $1 Bd7 41. Rf3 Be1 42. Qxd7 (42. Qh5+ $142 Kg8 43. Nh6+ Kh8 44. Nf7+ Kg7 45. Nxe5 Be6 46. Rf7+ Bxf7 47. Qxf7+ Kh8 48. Ng6#) 42... Rf8 43. Ne7 {[%emt 0:00:00] Weighted Error Value: White=0.20 (precise) /Black=0.58} 1-0

[Event "81st Italian Championship 2022"]
[Site "Cagliari"]
[Date "2022.11.19"]
[Round "7.6"]
[White "Di Benedetto, Edoardo"]
[Black "Dvirnyy, Danyyil"]
[Result "0-1"]
[ECO "E04"]
[WhiteElo "2378"]
[BlackElo "2514"]
[Annotator "TA"]
[PlyCount "70"]
[EventDate "2022.11.12"]
[EventType "tourn"]
[EventCountry "ITA"]
[SourceTitle "playchess.com"]
[Source "ChessBase"]
[SourceQuality "1"]
[TimeControl "40/6000+30:20/3000:900+30"]

1. d4 Nf6 2. c4 e6 3. Nf3 d5 4. g3 Nbd7 5. Bg2 dxc4 6. O-O c6 {[%emt 0:00:50] seems to push 6...c5 aside.} 7. Qc2 b5 8. b3 {[%emt 0:09:35] E04: Open Catalan: 5 Nf3.} cxb3 9. Qxc6 Rb8 10. axb3 {[%emt 0:00:11] The position is equal.} Bb7 11. Qc2 Rc8 12. Qd3 a6 {[%emt 0:04:46] [#]} 13. Nbd2 $146 ({Predecessor:} 13. Bd2 Bd6 14. Ba5 Qe7 15. Nbd2 O-O 16. Rfc1 e5 17. Nxe5 Nxe5 18. dxe5 Bxe5 19. Bxb7 Qxb7 20. Rxc8 Rxc8 {½-½ (62) Hillarp Persson,T (2542)-Arnold,M (2433) Oslo 2010}) 13... Be7 14. Bb2 O-O 15. Rfc1 Qb6 16. e4 Rfd8 17. Bc3 Nb8 18. Ne5 Bd6 19. Nef3 {[%emt 0:11:18] aiming for e5.} Nc6 20. d5 (20. Qe3 $11 {remains equal.}) 20... Be7 $17 21. Bh3 Rc7 (21... Nb4 $17 22. Qe2 Rxc3 23. Rxc3 exd5) 22. Qe3 (22. Qc2 $1 $11 Nb4 23. Bd4 Rxc2 24. Bxb6) 22... Bc5 $1 $15 (22... Qxe3 23. fxe3 exd5 24. Ba5 $14) 23. Qe2 (23. Qf4 $1 $15 Bxf2+ 24. Kg2 exd5 25. Bxf6 gxf6 26. Qxf6) 23... exd5 $17 24. Bxf6 gxf6 25. exd5 $2 {[%emt 0:01:14] Loses the game.} (25. Rd1 $17 {was worth a try.}) 25... Rxd5 {[%emt 0:00:39] ...Re7 is the strong threat.} 26. Ne4 ({But not} 26. Qe8+ $2 Kg7 27. Qe2 (27. Ne4 $2 Rd8 $19) 27... Nb4 $19) 26... Nd4 ({Better is} 26... Bd4 $19 27. Nc3 (27. Nxd4 $2 Nxd4 28. Qe3 Re7 $19) 27... Rd8) 27. Nxd4 Bxd4 {[%emt 0:00:05] This bishop pair is nice.} 28. Rxc7 Qxc7 29. Rd1 Qe5 {[%emt 0:03:46] Strongly threatening ...f5.} 30. Qg4+ {[%emt 0:00:41] [#]} (30. Kf1 $17 {was necessary.}) 30... Kf8 $1 $19 31. Qh4 $2 (31. Kf1) 31... f5 {[%emt 0:03:11] Black is clearly winning.} 32. Ng5 {[%emt 0:00:52] [#]} Bxf2+ $1 33. Kxf2 Rxd1 34. Nxh7+ Kg7 35. Qg5+ Kh8 {[%emt 0:00:08] Weighted Error Value: White=0.53/Black=0.14 (very precise)} 0-1

[Event "81st Italian Championship 2022"]
[Site "Cagliari"]
[Date "2022.11.20"]
[Round "8.1"]
[White "Barp, Alberto"]
[Black "Dvirnyy, Danyyil"]
[Result "1/2-1/2"]
[ECO "E08"]
[WhiteElo "2412"]
[BlackElo "2514"]
[Annotator "TA"]
[PlyCount "49"]
[EventDate "2022.11.12"]
[EventType "tourn"]
[EventCountry "ITA"]
[SourceTitle "playchess.com"]
[Source "ChessBase"]
[SourceQuality "1"]
[TimeControl "40/6000+30:20/3000:900+30"]

1. d4 Nf6 2. c4 e6 3. Nf3 d5 4. g3 Bb4+ 5. Bd2 Be7 6. Bg2 c6 7. Qc2 Nbd7 8. O-O O-O 9. Bf4 a5 10. Rd1 {[%emt 0:00:26] E08: Closed Catalan: Main Line: 7 Qc2.} h6 11. a3 {[%emt 0:11:29] [#]} b5 $146 ({Predecessor:} 11... b6 12. Nc3 Ba6 13. Ne5 Rc8 14. b4 g5 15. Bd2 Nxe5 16. dxe5 Ng4 17. b5 cxb5 18. cxd5 b4 19. axb4 Bxb4 20. Qb2 Nxe5 21. Ne4 Nc4 22. Qf6 Nxd2 {½-½ (22) Voveris,G (2380)-Iacomi,S (2343) ICCF email 2020}) 12. Ne5 {[%emt 0:06:58] White is slightly better.} Nxe5 {[%emt 0:11:17] The position is equal.} 13. dxe5 Nd7 14. cxd5 cxd5 15. e4 d4 (15... g5 $2 16. exd5 Ra6 17. dxe6 Rxe6 18. Be3 $18) 16. Rxd4 Qb6 17. Rd2 Qb8 18. Qd1 Nc5 19. Nc3 b4 20. axb4 (20. Nd5 {seems wilder.} exd5 21. e6 Bd6 22. Rxd5 Bxf4 23. e7) 20... Qxb4 21. Be3 Bb7 22. Na2 Qb5 23. Nc3 Qb4 24. Na2 Qb5 25. Nc3 {[%emt 0:02:22] Weighted Error Value: White=0.12 (very precise) /Black=0.04 (flawless)} 1/2-1/2

[Event "81st Italian Championship 2022"]
[Site "Cagliari"]
[Date "2022.11.20"]
[Round "8.2"]
[White "Lodici, Lorenzo"]
[Black "Di Benedetto, Edoardo"]
[Result "0-1"]
[ECO "E20"]
[WhiteElo "2536"]
[BlackElo "2378"]
[Annotator "TA"]
[PlyCount "112"]
[EventDate "2022.11.12"]
[EventType "tourn"]
[EventCountry "ITA"]
[SourceTitle "playchess.com"]
[Source "ChessBase"]
[SourceQuality "1"]
[TimeControl "40/6000+30:20/3000:900+30"]

1. d4 d5 2. c4 e6 3. Nf3 Nf6 4. g3 Bb4+ 5. Nc3 O-O 6. Bg2 c5 7. dxc5 {[%emt 0:02:12] 7.0-0 is setting a new trend. E20: Nimzo-Indian: 4 g3 and 4 f3.} dxc4 8. Qa4 Nc6 {[%emt 0:02:18] [#]} 9. a3 $146 {[%emt 0:06:19] White has an edge.} ({Predecessor:} 9. O-O Bd7 10. Rd1 Qe7 11. Bg5 Bxc3 12. bxc3 Ne5 13. Qb4 Nxf3+ 14. Bxf3 Bc6 15. Bxc6 bxc6 16. Qxc4 {0-1 (30) Teodoro,R-Navinsek,T (2329) Dos Hermanas 2004}) 9... Bxc3+ 10. bxc3 Qa5 11. Qxc4 e5 $1 {[%emt 0:00:04] Prevents Bf4. Strongly threatening ...Be6.} 12. O-O $1 Be6 13. Qh4 Qxc5 14. Bg5 Nd5 $36 {[%emt 0:02:18][%mdl 2048] Black has the initiative.} 15. c4 Nc3 16. Rfe1 Qxc4 {[%emt 0:01:59] Black is much more active. The white rooks are badly placed.} ({Resist} 16... Bxc4 17. Rac1 (17. Be3 Qb5 $15) 17... Bxe2 18. Bd2 (18. Rxc3 Qxc3 19. Rxe2 Qxa3 $11) 18... Bxf3 19. Bxf3 $16) 17. Qxc4 Bxc4 18. Bf1 {[%emt 0:00:16] Threatens to win with Rac1.} Ne4 19. Be3 Rfd8 20. a4 f6 21. Rac1 Bd5 22. Bg2 Nd6 23. Bc5 {[%emt 0:01:12] [#]} Ne8 (23... Nc4 $1 $17 24. Rc3 Nb2) 24. Nh4 (24. Rc3 $15) 24... Bxg2 $17 25. Nxg2 Rac8 26. Ne3 b6 27. Ba3 Nd4 28. Kf1 Kf7 29. Red1 Ke6 30. f4 g5 31. fxe5 fxe5 32. Bb2 (32. Ng4 $17) 32... Rxc1 33. Rxc1 Nd6 34. Rd1 (34. Ba3 $17) 34... Nb7 35. Nc4 Nc6 36. Ra1 (36. Rc1 $17) 36... Nc5 $19 37. Bc3 Ne4 38. Be1 (38. Bb2 {was called for.}) 38... Nd4 39. Ne3 Rf8+ 40. Kg2 Nxe2 {[%emt 0:00:36] Pair of Knights!} 41. a5 {[%emt 0:49:02] [#]} b5 42. a6 Nd4 43. Rc1 Rf3 44. Nc2 {[%emt 0:00:00] Nxd4+ is the strong threat.} g4 45. h3 Nxc2 46. Rxc2 {[%emt 0:00:00][%mdl 4096] Endgame KRB-KRN} Ra3 47. Rc6+ Kd5 48. Rc7 (48. Rc2 $142) 48... Ra2+ 49. Kf1 gxh3 {[%emt 0:13:45] aiming for ...h2.} 50. Rxa7 Nf6 {[%emt 0:00:47] ( -> ...h2)} 51. Kg1 Ra1 52. Kh2 Rxe1 53. Rb7 Ra1 54. Rxb5+ Ke6 55. Rb6+ Kf5 56. Kxh3 Ra2 {[%emt 0:00:00] Weighted Error Value: White=0.46/Black=0.10 (very precise)} 0-1

[Event "81st Italian Championship 2022"]
[Site "Cagliari"]
[Date "2022.11.20"]
[Round "8.3"]
[White "Moroni, Luca Jr"]
[Black "Sonis, Francesco"]
[Result "1/2-1/2"]
[ECO "D02"]
[WhiteElo "2559"]
[BlackElo "2547"]
[Annotator "TA"]
[PlyCount "207"]
[EventDate "2022.11.12"]
[EventType "tourn"]
[EventCountry "ITA"]
[SourceTitle "playchess.com"]
[Source "ChessBase"]
[SourceQuality "1"]
[TimeControl "40/6000+30:20/3000:900+30"]

1. d4 Nf6 2. Nf3 d5 3. c3 c6 4. Qc2 g6 5. Bf4 Nh5 6. Be5 f6 7. Bxb8 Bf5 8. Qb3 ({Don't play} 8. e4 Bxe4 9. Qd1 Qxb8 $17) 8... Rxb8 9. e3 Ng7 (9... e5 {is interesting.} 10. dxe5 fxe5 11. Nxe5 Bg7) 10. Nbd2 Qb6 11. h3 Bd7 12. Bd3 e6 13. O-O Be7 14. e4 O-O 15. Rfe1 Rf7 16. Qxb6 axb6 17. a4 Ra8 18. b4 Ne8 19. Nb3 Nc7 20. a5 b5 (20... bxa5 $11 21. Nxa5 b6) 21. h4 ({White should try} 21. e5 $16) 21... Kg7 (21... dxe4 $11 22. Bxe4 Bd6) 22. g3 (22. e5 $16) 22... Raf8 (22... dxe4 $11 23. Bxe4 Bd6) 23. e5 $14 Bc8 24. Rf1 f5 25. Ng5 Bxg5 26. hxg5 Re7 27. Kg2 Rff7 28. Rh1 Kf8 29. Rh6 Ke8 30. Rah1 Kd8 31. Kf3 Rg7 32. Ke3 Rgf7 33. Nc1 Bd7 34. Ne2 Kc8 35. Nf4 Rg7 36. f3 Kb8 37. g4 (37. Be2 $18) 37... Ka7 (37... fxg4 $16 38. fxg4 Rgf7) 38. Bb1 Bc8 39. Bc2 Bd7 40. Bd3 (40. Nd3 $18) 40... Bc8 (40... fxg4 $16 41. fxg4 Bc8) 41. Bc2 Bd7 $1 42. Nd3 Bc8 43. Kf4 Na6 44. R6h2 Kb8 45. Re1 Kc7 46. Rhe2 Re8 47. Rh1 Ree7 48. Bb3 Kd8 49. Rhe1 Kc7 50. Ba2 Re8 51. Re3 Ree7 52. Kg3 Kd7 53. Bb3 Re8 54. Kf4 Kc7 55. Rh1 Ree7 56. Re2 Kd8 $1 57. Reh2 Nc7 58. Kg3 Na6 59. Rh6 Nc7 60. Nf4 Bd7 61. R1h2 Kc8 62. Nd3 Kd8 63. Ne1 Bc8 64. Ng2 Bd7 65. Bc2 Bc8 66. Bd3 Bd7 67. Ne3 Ref7 68. f4 Bc8 69. Rh1 Ke7 70. R6h2 Kf8 71. Ra1 Kg8 72. Rha2 Rf8 73. Ra3 Re7 74. Be2 Ree8 75. Nd1 Re7 76. Nf2 Kg7 77. R3a2 Kg8 78. Nd3 Kg7 79. gxf5 exf5 {[%emt 0:00:00] [#]} 80. Nc5 (80. Rh1 $1 $18) 80... Na6 (80... Rh8 $16) 81. Nb3 (81. Nxa6 $18 {And now Nc5 would win.} bxa6 82. Rh1) 81... Be6 (81... Rh8 $16) 82. Bd3 (82. Rh1 $18) 82... Kg8 (82... Rh8 $16 {is a better defense.}) 83. Rh2 Rff7 84. Nd2 Rf8 85. Nf1 Rg7 86. Ne3 Nc7 87. Rah1 Rff7 88. Rh6 Rf8 89. R6h2 Rff7 $1 90. Nd1 Rf8 91. Bc2 Rff7 92. Nf2 Rf8 93. Kf3 Re8 94. Ke3 Rf8 95. Nd3 Bc8 96. Nc5 Re7 97. Bb1 Rg7 98. Nd3 Be6 99. Ne1 Rff7 100. Bd3 Rf8 101. Nc2 Rff7 102. Kf3 Rf8 103. Kg3 Rff7 104. Ne3 1/2-1/2

[Event "81st Italian Championship 2022"]
[Site "Cagliari"]
[Date "2022.11.20"]
[Round "8.4"]
[White "Lettieri, Giuseppe"]
[Black "David, Alberto"]
[Result "1/2-1/2"]
[ECO "D77"]
[WhiteElo "2427"]
[BlackElo "2517"]
[Annotator "TA"]
[PlyCount "53"]
[EventDate "2022.11.12"]
[EventType "tourn"]
[EventCountry "ITA"]
[SourceTitle "playchess.com"]
[Source "ChessBase"]
[SourceQuality "1"]
[TimeControl "40/6000+30:20/3000:900+30"]

1. Nf3 d5 2. g3 Nf6 3. Bg2 g6 4. O-O Bg7 5. d4 O-O 6. c4 dxc4 7. Na3 c3 {[%emt 0:00:38] 7...c5 is the fancy move.} 8. bxc3 c5 9. Bb2 {[%emt 0:00:27] D77: Fianchetto Grünfeld: 6 0-0: Replies other than 6...c6.} Nc6 10. Re1 cxd4 11. cxd4 {[%emt 0:00:40] White is slightly better.} Qb6 12. Nc4 Qa6 13. Ncd2 {[%emt 0:20:41] [#]} e5 $146 ({Predecessor:} 13... Rd8 14. e4 Ng4 15. Bf1 b5 16. e5 Qb6 17. h3 Nh6 18. a4 b4 19. Nc4 Qc7 {1-0 (30) Wimmer,J (2264)-Hubacek,O (2206) LSS email 2011}) 14. Nxe5 Nxe5 15. dxe5 Ng4 16. Nf3 Qa5 17. Qb3 {[%emt 0:14:34] Bc3 is the strong threat.} Nxe5 18. Nxe5 Bxe5 19. Bxe5 Qxe5 20. Bxb7 Rb8 21. Qd5 Qe7 22. Bxc8 {[%emt 0:17:09] White is more active.} Rfxc8 23. Rad1 Rd8 24. Qc4 Rdc8 25. Qd5 Rd8 $1 26. Qc4 Rdc8 $1 27. Qd5 {[%emt 0:03:15] Weighted Error Value: White=0.15 (very precise) /Black=0.04 (flawless)} (27. Qd3 $16) 1/2-1/2

[Event "81st Italian Championship 2022"]
[Site "Cagliari"]
[Date "2022.11.20"]
[Round "8.5"]
[White "Carnicelli, Valerio"]
[Black "Basso, Pier Luigi"]
[Result "0-1"]
[ECO "B92"]
[WhiteElo "2325"]
[BlackElo "2503"]
[Annotator "TA"]
[PlyCount "88"]
[EventDate "2022.11.12"]
[EventType "tourn"]
[EventCountry "ITA"]
[SourceTitle "playchess.com"]
[Source "ChessBase"]
[SourceQuality "1"]
[TimeControl "40/6000+30:20/3000:900+30"]

1. e4 c5 2. Nf3 d6 3. d4 cxd4 4. Nxd4 Nf6 5. Nc3 a6 6. Be2 e5 7. Nf3 Be7 8. Bg5 Nbd7 9. O-O {[%emt 0:06:48] B92: Sicilian Najdorf: 6 Be2.} b5 10. Bxf6 Nxf6 {[%emt 0:00:16] [#]} 11. Nd2 $146 {[%emt 0:02:19] The position is equal.} ({Predecessor:} 11. a4 b4 12. Nd5 Nxe4 13. Nxb4 Bb7 14. Bc4 Nf6 15. Nd5 O-O 16. Nxf6+ Bxf6 17. Bd5 {½-½ (103) Nogerbek,K (2328)-Sarana,A (2649) Chess.com INT 2021}) 11... Bb7 12. Bf3 O-O 13. Re1 Qc7 14. a3 Qc5 15. Nf1 Rfc8 16. Ne3 a5 17. Re2 b4 18. Ncd5 (18. Na4 $11 Qc7 19. c4) 18... Nxd5 $17 19. Nxd5 Bxd5 20. Qxd5 Qxd5 21. exd5 f5 {[%emt 0:00:27] Against Bg4} 22. g4 {[%emt 0:03:43] [#]} g6 $1 23. Bg2 Kf7 24. Bh3 {[%emt 0:07:58] [#]} Kf6 25. f4 e4 26. Rg2 Rab8 (26... bxa3 $142 27. Rxa3 Rc5 28. gxf5 gxf5) 27. a4 (27. axb4 $17 {was worth a try.} Rxb4 28. g5+ Kg7 29. c3) 27... Rc5 $19 28. gxf5 gxf5 29. Rd1 Rcc8 30. Rdd2 Rg8 {[%emt 0:09:25] Inhibits Rg5.} 31. Rg3 Rg6 32. Kf1 Rh6 33. Kg2 Rc8 34. Rg5 Rg6 35. Rf2 h6 ({Inferior is} 35... Rxg5+ 36. fxg5+ Ke5 37. Bxf5 $11) 36. Rg3 (36. Rxg6+ $142 Kxg6 37. Kf1) 36... Rc5 37. Rd2 Bd8 38. Kf1 Bb6 39. Ke2 Rc7 40. Kd1 Rxg3 41. hxg3 h5 ({Avoid the trap} 41... Rg7 $2 42. Rg2) 42. Rg2 Bd4 43. Kc1 Rg7 44. Kb1 Be3 {[%emt 0:00:00] Weighted Error Value: White=0.22 (precise) /Black=0.08 (flawless)} 0-1

[Event "81st Italian Championship 2022"]
[Site "Cagliari"]
[Date "2022.11.20"]
[Round "8.6"]
[White "Godena, Michele"]
[Black "Brunello, Sabino"]
[Result "1/2-1/2"]
[ECO "B22"]
[WhiteElo "2463"]
[BlackElo "2518"]
[Annotator "TA"]
[PlyCount "185"]
[EventDate "2022.11.12"]
[EventType "tourn"]
[EventCountry "ITA"]
[SourceTitle "playchess.com"]
[Source "ChessBase"]
[SourceQuality "1"]
[TimeControl "40/6000+30:20/3000:900+30"]

1. e4 c5 2. c3 d5 3. exd5 Qxd5 4. d4 g6 5. Qf3 Qe6+ 6. Be3 {[%emt 0:00:25] B22: Sicilian: 2 c3.} cxd4 7. cxd4 Nf6 {[%emt 0:00:10] [#]} 8. Nc3 $146 ({Predecessor:} 8. Bb5+ Nbd7 9. Nc3 Bg7 10. h3 O-O 11. Nge2 a6 12. d5 Qd6 13. Bxd7 Bxd7 14. O-O {0-1 (43) Perlitz,S (2094)-Kaufeld,J (2238) Frankfurt 2011}) 8... Qb6 9. Bb5+ (9. Rc1 $5 Bg4 10. Bb5+ Nbd7 11. Qf4 $11) 9... Bd7 10. Bxd7+ Nbxd7 11. Nge2 Bg7 12. O-O O-O 13. Rfd1 Rfd8 14. Rd2 Qa6 15. Ne4 Nxe4 16. Qxe4 e6 17. Bg5 Bf6 18. Qf4 Bxg5 19. Qxg5 Kg7 20. Nf4 Qd6 21. Rad1 (21. Nh5+ $5 Kg8 22. Ng3 $11) 21... Rac8 (21... h6 $5 22. Nh5+ Kg8 23. Nf6+ Nxf6 24. Qxf6 Rac8 $15) 22. h3 Nf6 {[%emt 0:01:54] [#] Threatens to win with ...Ne4.} 23. Qe5 {[%emt 0:00:26][%cal Of4h5] Against Ne4} h6 24. Rd3 Qxe5 $1 25. dxe5 Nd5 26. Nxd5 Rxd5 27. Rxd5 exd5 28. Rxd5 $11 {[%emt 0:00:04][%mdl 4096] Endgame Strongly threatening Rd7. KR-KR} Rc1+ 29. Kh2 {[%emt 0:00:05] Black must now prevent Rd7.} Rc2 30. Rb5 b6 31. Kg3 Kf8 32. a4 Ke7 33. a5 bxa5 34. Rxa5 Rxb2 35. Rxa7+ Ke6 36. f4 h5 37. Ra6+ Ke7 38. Rf6 h4+ 39. Kf3 ({Much less strong is} 39. Kxh4 $6 Rxg2 40. Ra6 Rg1 $16) 39... Rb3+ 40. Kf2 Rb2+ 41. Kf3 Rb3+ 42. Kg4 Rg3+ 43. Kxh4 Rxg2 44. Ra6 Kf8 45. Ra3 Kg7 46. Rg3 Re2 47. Kg5 Re1 48. h4 Rf1 (48... f6+ $11 {feels stronger.} 49. exf6+ Kf7) 49. h5 $1 $14 gxh5 50. Kxh5+ Kf8 51. Kg4 $1 Re1 52. Kg5 Ke7 53. Kf5 {[%emt 0:02:00] Prevents f6.} Ra1 54. Rb3 Kf8 55. Rb7 Rg1 56. Ra7 Rb1 57. Kg5 {[%emt 0:10:46] [#] And now f5 would win.} Rg1+ 58. Kf6 $1 Rg6+ 59. Kf5 {[%emt 0:00:00] White is much more active.} Rg1 60. Rd7 Ke8 61. Rc7 Kf8 62. Rd7 Ke8 63. Rd6 Ke7 64. Rh6 Ra1 65. Rc6 Rg1 66. Rc7+ Kf8 $1 67. Rc3 Ra1 68. Rg3 Ke7 69. Kg5 (69. Rd3 $14 {was preferrable.}) 69... f6+ {[%emt 0:00:00] The position is equal.} 70. exf6+ Kf7 71. Re3 Rg1+ 72. Kf5 Ra1 73. Re7+ Kf8 74. Rd7 Rb1 75. Ke6 Re1+ 76. Kf5 Rb1 77. Ra7 Rc1 78. Ra5 Kf7 79. Re5 Rb1 80. Re7+ Kf8 81. Rd7 Ra1 82. f7 Ra6 83. Kg5 Rb6 84. Kf5 Ra6 85. Ke5 Rb6 86. Rd6 Rxd6 87. Kxd6 Kxf7 $11 {[%emt 0:00:00] KP-K} 88. Ke5 Ke7 89. f5 Kf7 90. f6 Kf8 91. Ke6 Ke8 92. f7+ Kf8 93. Kf6 {[%emt 0:00:04] Weighted Error Value: White=0.05 (flawless) /Black=0.06 (flawless)} 1/2-1/2

[Event "81st Italian Championship 2022"]
[Site "Cagliari"]
[Date "2022.11.21"]
[Round "9.1"]
[White "Brunello, Sabino"]
[Black "Barp, Alberto"]
[Result "0-1"]
[ECO "D41"]
[WhiteElo "2518"]
[BlackElo "2412"]
[Annotator "TA"]
[PlyCount "62"]
[EventDate "2022.11.12"]
[EventType "tourn"]
[EventCountry "ITA"]
[SourceTitle "playchess.com"]
[Source "ChessBase"]
[SourceQuality "1"]
[TimeControl "40/6000+30:20/3000:900+30"]

1. d4 d5 2. c4 e6 3. Nf3 Nf6 4. Nc3 c5 5. cxd5 Nxd5 6. e4 Nxc3 7. bxc3 cxd4 8. cxd4 Bb4+ 9. Bd2 Bxd2+ 10. Qxd2 O-O 11. Bc4 Nd7 12. O-O b6 13. Rad1 Bb7 14. Rfe1 Rc8 {[%emt 0:00:04] D41: Queen's Gambit Declined: Semi-Tarrasch with 5 cxd5.} 15. Bb3 Re8 16. h3 Qf6 {[%emt 0:03:44] [#] The position is equal.} 17. Nh2 $146 ({Predecessor:} 17. Re3 Qf4 18. Qe2 Nf6 19. g3 Qc7 20. Ne5 b5 21. Ng4 Nxg4 22. hxg4 Qb6 23. d5 exd5 24. Bxd5 Bxd5 25. Rxd5 {½-½ (36) Mchedlishvili,M (2593)-Macovei,A (2478) Chennai 2022}) 17... h6 18. Nf1 Qg6 19. Ng3 (19. f3 {with more complications.} Ba6 20. Ne3 Qg3 21. Rc1) 19... Nf6 20. Bc2 Qg5 21. Re3 Red8 22. Bb1 Rc7 23. Ne2 Rcd7 24. f4 {[%emt 0:08:15] Inhibits e5.} Qa5 25. Qb2 Qh5 26. Rd2 Qh4 27. Bd3 $2 (27. Rd1 $11 {and White stays safe.}) 27... Qe1+ $19 28. Kh2 {[%emt 0:00:01] [#]} Rxd4 $3 29. Qc3 $2 (29. Rg3 Nxe4 30. Rxg7+ Kxg7 31. Nxd4 Qg3+ 32. Kh1) (29. Rd1 Qh4) 29... Bxe4 {[%emt 0:08:35] Black is clearly winning.} 30. Rg3 Nh5 31. Bxe4 Rxd2 {[%emt 0:00:09] Weighted Error Value: White=0.81/Black=0.21 (precise)} 0-1

[Event "81st Italian Championship 2022"]
[Site "Cagliari"]
[Date "2022.11.21"]
[Round "9.2"]
[White "Basso, Pier Luigi"]
[Black "Godena, Michele"]
[Result "1/2-1/2"]
[ECO "C70"]
[WhiteElo "2503"]
[BlackElo "2463"]
[Annotator "TA"]
[PlyCount "150"]
[EventDate "2022.11.12"]
[EventType "tourn"]
[EventCountry "ITA"]
[SourceTitle "playchess.com"]
[Source "ChessBase"]
[SourceQuality "1"]
[TimeControl "40/6000+30:20/3000:900+30"]

1. e4 e5 2. Nf3 Nc6 3. Bb5 a6 4. Ba4 Bc5 5. O-O Qf6 6. Nc3 {[%emt 0:07:20] Nd5 is the strong threat. C70: Ruy Lopez: 3...a6 4 Ba4, Norwegian and Delayed Schliemann.} Nge7 7. Nd5 Nxd5 8. exd5 {[%emt 0:03:47] White is slightly better.} Nd4 {[%emt 0:02:35] [#]} 9. Nxe5 $1 {[%emt 0:06:26][%cal Oc2c3] Threatens to win with c3!} b5 (9... Qxe5 $2 10. Re1 Qxe1+ 11. Qxe1+ Kd8 12. c3 $18) 10. Bb3 {[%emt 0:18:26] [#]} Bb7 $146 (10... Qxe5 $2 11. Re1 d6 12. Rxe5+ dxe5 13. d3 $18) ({Predecessor:} 10... O-O 11. Ng4 Qf5 12. c3 Nxb3 13. axb3 Bb7 14. d4 Bd6 15. c4 Rae8 16. c5 Qxd5 {0-1 (22) Ribelles Sala,M (1364)-Basson,H (1738) LSS email 2009}) 11. Ng4 Qd6 12. Re1+ Kf8 13. Ne3 Nxb3 14. axb3 {[%emt 0:00:13] Hoping for d4.} Bxe3 15. dxe3 Qxd5 16. Qxd5 Bxd5 17. e4 Bb7 18. Bf4 Rc8 19. Rad1 Ke7 20. Rd3 Rhe8 21. f3 d6 22. Kf2 f6 23. g4 g5 24. Bd2 h5 $1 25. h3 Rh8 26. Kg2 Rh7 27. Be3 $1 Rch8 28. Bg1 hxg4 29. hxg4 Ke6 30. c4 Rh1 31. Rdd1 R1h7 32. Rc1 Rd8 33. Bh2 Kd7 34. Bg3 Re7 35. Rh1 Ke6 36. Rh6 bxc4 37. bxc4 Rb8 38. Be1 Rf7 39. Bc3 Bc8 40. Ra1 Rb6 41. Ra5 Ke7 42. Rh8 Be6 43. c5 Rc6 44. cxd6+ cxd6 45. Ra8 Bc8 46. Kg3 {[%emt 0:00:00] White is much more active.} Rc7 47. Ra1 Rh7 48. Rd1 Ke6 49. Rb8 Rc6 {[%emt 0:02:30] Prevents Rb6.} 50. Rb4 Bb7 51. Rbd4 Rb6 52. R4d2 Rc6 53. Bb4 Rd7 54. Rd4 Rb6 55. Re1 Rb5 56. Bc3 Rh7 57. Rdd1 Rc5 58. Ra1 Rc8 59. Ra4 (59. Red1 $14) 59... Rch8 $1 $11 {[%emt 0:00:00] [#] ( -> ...Rh2)} 60. Kf2 Rh2+ 61. Ke3 Rg2 (61... Rh1 $11) 62. Ra5 (62. Rc4 $16) 62... Rh3 63. Rf5 $1 Rxg4 64. Rxf6+ Ke7 65. Kd2 Rg2+ 66. Kc1 g4 67. e5 dxe5 (67... Bxf3 {leads to mate.} 68. exd6+ Kd8 69. Ba5+ Kc8 70. Re8+ Kd7 71. Re7+ Kc6 72. d7+ Kb5 73. d8=Q) 68. Rb6 Bxf3 69. Rxe5+ Kd7 70. Kb1 Re2 {[%emt 0:02:02] And now ...Be4+ would win.} 71. Rg5 Re6 72. Rg7+ Re7 73. Rg5 Re6 74. Rg7+ Re7 75. Rg5 Re6 {[%emt 0:00:56] Weighted Error Value: White=0.06 (flawless) /Black=0.05 (flawless)} 1/2-1/2